 Dungeon Crawl Stone Soup version 0.21-a0-92-g7bf63f6 (webtiles) character file.

338 GordonOverkill the Conjurer (level 6, -2/36 HPs)
             Began as an Octopode Wizard on July 1, 2017.
             Killed from afar by an orc wizard (7 damage)
             ... with a magic dart
             ... on level 4 of the Dungeon.
             The game lasted 00:09:19 (5119 turns).

GordonOverkill the Conjurer (Octopode Wizard)       Turns: 5119, Time: 00:09:20

Health: -2/36      AC:  1    Str: 11    XL:     6   Next: 55%
Magic:  12/12      EV: 13    Int: 25    God:
Gold:   116        SH:  0    Dex: 11    Spells: 6/13 levels left

rFire    . . .     SeeInvis .   h - +0 dagger
rCold    . . .     Gourm    .   (no shield)
rNeg     . . .     Faith    .   a - +0 hat
rPois    .         Spirit   .   (no amulet)
rElec    .         Reflect  .   l - +3 ring of intelligence
rCorr    .         Harm     .   (no ring)
MR       .....                  (no ring)
Stlth    +++.......             (no ring)
HPRegen  0.12/turn              (no ring)
MPRegen  0.13/turn              (no ring)
                                (no ring)
                                (no ring)

@: mighty, flying
A: almost no armour, stealthy swim, amphibious, 8 rings, constrict 8, camouflage
1, gelatinous body 1
a: no special abilities


You were on level 4 of the Dungeon.
You were near starving.

You visited 1 branch of the dungeon, and saw 4 of its levels.

You collected 116 gold pieces.

Inventory:

Hand Weapons
 h - a +0 dagger (weapon)
Armour
 a - a +0 hat (worn)
Jewellery
 l - a +3 ring of intelligence (left tentacle)
Scrolls
 e - 2 scrolls of remove curse {unknown}
 i - 4 scrolls of teleportation {unknown}
 j - a scroll of recharging {unknown}
 k - 2 scrolls of noise {unknown}
 n - 5 scrolls of identify {unknown}
 o - a scroll of blinking {unknown}
 s - a scroll of enchant weapon {unknown}
 t - a scroll of amnesia {unknown}
Potions
 d - 3 potions of brilliance
Books
 b - a book of Minor Magic

   Spells                             Type                      Level
   a - Magic Dart                     Conjuration                  1
   b - Blink                          Translocation                2
   c - Call Imp                       Summoning                    2
   d - Slow                           Hexes                        2
   e - Conjure Flame                  Conjuration/Fire             3
   f - Mephitic Cloud                 Conjuration/Poison/Air       3
Comestibles
 c - 4 bread rations
 g - 3 meat rations
 p - 2 fruits
 r - a royal jelly


   Skills:
 - Level 2.0 Dodging
 - Level 4.1 Stealth
 + Level 4.1 Spellcasting
 * Level 5.2 Conjurations
 - Level 1.0 Summonings
 - Level 1.0 Translocations


You had 6 spell levels left.
You knew the following spells:

 Your Spells              Type           Power        Failure   Level  Hunger
a - Magic Dart            Conj           ####         1%          1    None
b - Blink                 Tloc           N/A          9%          2    None
c - Call Imp              Summ           ##......     9%          2    None
d - Slow                  Hex            #.......     14%         2    None


Dungeon Overview and Level Annotations

Branches:
Dungeon (4/15)
 Temple: D:4-7

Altars:
Makhleb
Okawaru

Annotations:
D:3 2 transporters, GordonOverkill's ghost, amateur DEBe


Innate Abilities, Weirdness & Mutations

You cannot wear most types of armour.
You are very stealthy in the water. (Stealth+)
You are amphibious.
You can wear up to eight rings at the same time.
You can use your tentacles to constrict eight enemies at once.
Your skin changes colour to match your surroundings (Stealth+).
Your rubbery body absorbs attacks. (AC +1, EV +1)


Message History

You barely miss the orc wizard. Your grab misses the orc wizard.
The orc wizard is moderately wounded.
The orc wizard hits you with a dagger.
* * * LOW HITPOINT WARNING * * *
You hit the orc wizard. Your grab misses the orc wizard.
The orc wizard is severely wounded.
You puncture the orc wizard!
You kill the orc wizard!
The orc wizard hits you with a dagger.
* * * LOW HITPOINT WARNING * * *
You hit the orc wizard. You grab the orc wizard.
The orc wizard is moderately wounded.
You constrict the orc wizard. The orc wizard misses you.
You hit the orc wizard.
The orc wizard is severely wounded.
You constrict the orc wizard, but do no damage.
The orc wizard barely misses you. The orc wizard casts a spell at you.
The magic dart hits you!
You die...

.. ... ..# ..# ###
##.##
#.#######...##
#....<##.....##
#.##.@#.......####
#.###)o..._......o
#.# ###.......#..#
### ##.....##
##...## ##.## #...
#.... #.....


You could see an orc wizard.

Vanquished Creatures
  3 orc wizards
  An orc priest (D:3)
  Natasha (thrice) (D:3)
  6 adders
  An ooze (D:1)
  A worm (D:2)
  4 dart slugs
  2 leopard geckos (D:2)
  3 orcs (D:3)
  2 ball pythons
  8 bats
  2 giant cockroaches
  9 goblins
  14 hobgoblins
  11 kobolds
  2 quokkas (D:3)
  2 frilled lizards
  7 rats
81 creatures vanquished.

Notes
Turn   | Place    | Note
-------+----------+-------------------------------------------
     0 | D:1      | GordonOverkill the Octopode Wizard began the quest for the Orb.
     0 | D:1      | Reached XP level 1. HP: 11/11 MP: 4/4
   301 | D:1      | Reached XP level 2. HP: 17/17 MP: 0/6
   779 | D:1      | Learned a level 2 spell: Blink
   782 | D:1      | Learned a level 2 spell: Call Imp
   785 | D:1      | Learned a level 2 spell: Slow
   841 | D:1      | Reached skill level 2 in Conjurations
   841 | D:1      | Reached XP level 3. HP: 21/21 MP: 2/7
  1788 | D:2      | Found an iron altar of Okawaru.
  1811 | D:2      | Reached XP level 4. HP: 27/27 MP: 3/9
  2655 | D:3      | Reached skill level 3 in Conjurations
  2781 | D:3      | Found a transporter.
  2783 | D:3      | Noticed Natasha
  2936 | D:3      | Noticed GordonOverkill's ghost (amateur DEBe)
  3235 | D:3      | Found a transporter.
  3355 | D:3      | Reached XP level 5. HP: 23/31 MP: 7/10
  3533 | D:3      | Reached skill level 4 in Conjurations
  4195 | D:3      | Killed Natasha
  4311 | D:3      | Reached XP level 6. HP: 18/36 MP: 8/11
  4841 | D:3      | Noticed Natasha
  4848 | D:3      | Killed Natasha
  4929 | D:3      | Noticed Natasha
  4934 | D:3      | Killed Natasha
  4936 | D:3      | Reached skill level 5 in Conjurations
  5084 | D:4      | Found a burning altar of Makhleb.
  5119 | D:4      | Killed from afar by an orc wizard

Vault maps used:
D:1:      dpeg_arrival_simpleton_b, minmay_statues_item, minmay_tetromino_l4
D:2:      okawaru_gym_becter, first_bread, lightli_corner_chamber
D:3:      gammafunk_steamed_eel, uniq_natasha
D:4:      lemuel_round_altar, grunt_decor_arrowhead

Skill      XL: |  1  2  3  4  5  6 |
---------------+-------------------+-----
Stealth        | 3 4 |  4.1
Conjurations   | 2 3 4 5 |  5.2
Spellcasting   | 4 |  4.1
Dodging        | |  2.0
Summonings     | |  1.0
Translocations | |  1.0

Action                   |  1- 3 |  4- 6 || total
-------------------------+-------+-------++-------
Melee: Dagger            |    36 |    24 ||    60
       Constrict         |    10 |     5 ||    15
       Unarmed           |     3 |       ||     3
       Tentacles         |     3 |     3 ||     6
 Cast: Magic Dart        |    63 |   122 ||   185
       Call Imp          |       |     2 ||     2
  Use: Potion            |       |     6 ||     6
  Eat: Chunk             |     3 |     6 ||     9
       Fruit             |       |     2 ||     2
Armor: Skin              |     3 |     4 ||     7
Dodge: Dodged            |    30 |    34 ||    64
